 Dungeon Crawl Stone Soup version 0.31-a0-948-gf5be29c462 (webtiles) character file.

Game seed: 12731518053755826783

266 Bnni the Shooter (level 6, -4/38 HPs)
             Began as a Tengu Hunter on Oct 21, 2023.
             Engulfed by a steam dragon's steam (8 damage)
             ... on level 4 of the Dungeon.
             The game lasted 00:04:15 (2606 turns).

Bnni the Shooter (Tengu Hunter)                     Turns: 2606, Time: 00:04:15

Health: -4/38      AC:  3    Str: 11    XL:     6   Next: 20%
Magic:  7/7        EV: 12    Int:  9    God:
Gold:   134        SH:  0    Dex: 20    Spells: 5/5 levels left

rFire   . . .        a - +0 shortbow
rCold   . . .        (shield currently unavailable)
rNeg    . . .        c - +0 leather armour
rPois   .            (helmet restricted)
rElec   .            n - scarf {+Inv}
rCorr   .            (no gloves)
SInv    .            (boots unavailable)
Will    .....        l - amulet of the acrobat
Stlth   ++           (no ring)
HPRegen 0.26/turn    (no ring)
MPRegen 0.10/turn

%: acrobat
@: no status effects
A: beak, talons 3, acrobatic
a: Evoke Invisibility


You were on level 4 of the Dungeon.
You visited 1 branch of the dungeon, and saw 4 of its levels.

You collected 134 gold pieces.

Inventory:

Hand Weapons
 a - a +0 shortbow (weapon)
 p - a +1 dagger of venom
Armour
 c - a +0 leather armour (worn)
 n - a scarf of invisibility (worn)
Jewellery
 l - an amulet of the acrobat (around neck)
Scrolls
 b - a scroll of butterflies
 d - 2 scrolls of teleportation {unknown}
 f - a scroll of noise {unknown}
 h - 3 scrolls of vulnerability {unknown}
 k - a scroll of fog {unknown}
 o - a scroll of torment {unknown}
Potions
 e - a potion of degeneration {unknown}
 g - a potion of ambrosia {unknown}
 i - a potion of enlightenment {unknown}
 j - a potion of brilliance {unknown}
 m - a potion of curing {unknown}
 q - a potion of magic {unknown}


   Skills:
 + Level 4.0 Fighting
 * Level 7.0 Ranged Weapons
 - Level 2.1 Dodging
 - Level 1.0 Stealth


You had 5 spell levels left.
You didn't know any spells.
Your spell library contained the following spells:

 Spells                   Type           Power      Damage    Failure   Level
 Apportation              Tloc           0%         N/A       47%         1
 Necrotise                Necr           0%         1d4       47%         1
 Summon Small Mammal      Summ           0%         N/A       47%         1
 Blink                    Tloc           0%         N/A       63%         2
 Cigotuvi's Dreadful Rot  Necr/Pois/Air  0%         N/A       63%         2
 Lesser Beckoning         Tloc           0%         N/A       63%         2
 Momentum Strike          Conj/Tloc      0%         3d8       63%         2
 Ignite Poison            Fire/Tmut/Pois 0%         N/A       85%         3
 Freezing Cloud           Conj/Ice/Air   0%         6-21      100%        5


Dungeon Overview and Level Annotations

Branches:
Dungeon (4/15)
 Temple: D:4-7

Altars:
Kikubaaqudgha
Sif Muna

Annotations:
D:3 1 runed translucent door, Descartes's ghost, amateur FoFi


Innate Abilities, Weirdness & Mutations

You have a beak for a mouth.
You have claws for feet.
You can magically evade attacks while moving or waiting.


Message History

Fire: a) +0 shortbow
Press: ? - help, Shift-Dir - straight line You shoot an arrow.
Unknown command.
Fire: a) +0 shortbow
Press: ? - help, Shift-Dir - straight line, f - you Really target yourself? [Y]es or [N]o only, please.
Really target yourself? [Y]es or [N]o only, please.
Really target yourself? [Y]es or [N]o only, please.
Really target yourself?
Unknown command.
Fire: a) +0 shortbow
Press: ? - help, Shift-Dir - straight line You shoot an arrow.
Unknown command.
The steam dragon hisses angrily.
There is a stone staircase leading up here.
Fire: a) +0 shortbow
Press: ? - help, Shift-Dir - straight line, f - steam dragon
Aim: a steam dragon (heavily wounded, 67% to hit)
You shoot an arrow. The arrow hits the steam dragon.
The steam dragon is heavily wounded.
Unknown command.
You shoot an arrow.
The arrow hits the steam dragon but does no damage.
The steam dragon is heavily wounded.
You shoot an arrow.
The arrow hits the steam dragon but does no damage.
The steam dragon is heavily wounded.
The steam dragon breathes steam at you. The ball of steam hits you!
The steam dragon breathes steam at you. The ball of steam hits you!
* * * LOW HITPOINT WARNING * * *
You hear a shout!
You are engulfed in a cloud of scalding steam.
You die...

. ... #####..##.
#§@§D.....
.........#......
.....#..## .....
.... #... ....
... .... ... ..
#..### .. . #.#
. #.


You could see a steam dragon (catching breath).

Vanquished Creatures
  2 hounds (D:3)
  2 orc wizards (D:3)
  8 adders
  A worm (D:2)
  2 dart slugs (D:1)
  7 orcs
  9 endoplasms
  8 giant cockroaches
  5 goblins
  4 hobgoblins
  6 jackals
  4 ball pythons
  2 bats
  2 frilled lizards
  4 kobolds
  4 rats
70 creatures vanquished.

Notes
Turn   | Place    | Note
-------+----------+-------------------------------------------
     0 | D:1      | Bnni the Tengu Hunter began the quest for the Orb.
     0 | D:1      | Reached XP level 1. HP: 12/12 MP: 2/2
   111 | D:1      | Reached XP level 2. HP: 13/17 MP: 3/3
   206 | D:1      | Reached skill level 5 in Ranged Weapons
   325 | D:1      | Reached XP level 3. HP: 22/22 MP: 4/4
   860 | D:2      | Reached XP level 4. HP: 19/27 MP: 5/5
   921 | D:2      | Found an ancient bone altar of Kikubaaqudgha.
  1130 | D:3      | Identified the "Duvim"
  1208 | D:3      | Reached skill level 6 in Ranged Weapons
  1211 | D:3      | Found a runed translucent door.
  1211 | D:3      | Noticed Descartes's ghost (amateur FoFi)
  1218 | D:3      | Reached XP level 5. HP: 29/32 MP: 6/6
  1525 | D:3      | Found a shimmering blue altar of Sif Muna.
  1547 | D:3      | HP: 1/32 [something/puff of flame (12)]
  1984 | D:3      | Reached XP level 6. HP: 38/38 MP: 7/7
  2369 | D:4      | Noticed a steam dragon
  2469 | D:3      | Reached skill level 7 in Ranged Weapons
  2606 | D:4      | Engulfed by a steam dragon's steam

Illustrated notes

Levels and vault maps discovered:
D:1:      saegor_arrival_simple_c, layout_basic
D:2:      layout_rooms, basic_altar
D:3:      layout_basic, led_sif_book, gammafunk_ghost_grave
D:4:      layout_cave_pools, uniq_crazy_yiuf_cottage

Skill      XL: |  1  2  3  4  5  6 |
---------------+-------------------+-----
Ranged Weapons | 5 6 7 |  7.0
Fighting       | 3 4 |  4.0
Dodging        | |  2.1
Stealth        | |  1.0

Action                     |  1- 3 |  4- 6 || total
---------------------------+-------+-------++-------
  Melee: Dagger            |       |     7 ||     7
         Peck              |       |     3 ||     3
         Punch             |       |     2 ||     2
         Kick              |       |     1 ||     1
   Fire: Shortbow          |    96 |   117 ||   213
 Armour: Leather armour    |    15 |    38 ||    53
  Dodge: Dodged            |    21 |    30 ||    51

Table legend: (Time is in decaauts)
 A = Elapsed time spent in this place.
 B = Non-inter-level travel time spent in this place.
 C = Inter-level travel time spent in this place.
 D = Time resting spent in this place.
 E = Time spent auto-exploring this place.
 F = Levels seen in this place.
 G = Mean time per level.
                   A        B        C        D        E       F      G
               +--------+--------+--------+--------+--------+-----+--------+
         Total |   2641 |   2573 |     68 |    321 |   1765 |   4 |  660.2 |
       Dungeon |   2641 |   2573 |     68 |    321 |   1765 |   4 |  660.2 |
               +--------+--------+--------+--------+--------+-----+--------+

Top non-repeatable levels by time:
     D:3: 1449 daAuts
     D:1: 707 daAuts
     D:2: 443 daAuts
     D:4: 40 daAuts
